 Dungeon Crawl Stone Soup version 0.31.0-4-g52a2dc7128 (webtiles) character file.

Game seed: 12899926148207015480

3767 ProzacElf the Grappler (level 9, -1/74 HPs)
             Began as a Troll Enchanter on Jan 23, 2024.
             Was an Initiate of Nemelex Xobeh.
             Slain by a wyvern (7 damage)
             ... on level 8 of the Dungeon.
             The game lasted 00:13:27 (4926 turns).

ProzacElf the Grappler (Troll Enchanter)            Turns: 4926, Time: 00:13:28

Health: -1/74      AC:  5    Str: 18    XL:     9   Next: 94%
Magic:  10/11      EV: 11    Int: 23    God:    Nemelex Xobeh [......]
Gold:   302        SH:  0    Dex: 14    Spells: 2/10 levels left

rFire   . . .        b - +6 shillelagh "Devastator" {shatter}
rCold   . . .        (no shield)
rNeg    . . .        a - +0 robe
rPois   .            (helmet restricted)
rElec   .            r - +0 cloak
rCorr   .            (gloves unavailable)
SInv    .            (boots unavailable)
Will    .....        (no amulet)
Stlth   ++           v - +6 ring of intelligence
HPRegen 1.12/turn    C - +6 ring of intelligence
MPRegen 0.12/turn

%: no passive effects
@: invisible
A: large, unfitting armour, claws 3, regeneration 1, shaggy fur 1, tough skin 1
a: Renounce Religion, Draw Escape, Draw Destruction, Draw Summoning


You were on level 8 of the Dungeon.
You worshipped Nemelex Xobeh.
Nemelex Xobeh was noncommittal.
You visited 2 branches of the dungeon, and saw 9 of its levels.

You collected 302 gold pieces.

Inventory:

Hand Weapons
 b - the +6 shillelagh "Devastator" (weapon) {shatter}
   (You found it on level 2 of the Dungeon)
 j - a +5 long sword
 q - a +1 dagger
Missiles
 o - 6 poisoned darts (quivered)
 J - 3 boomerangs
Armour
 a - a +0 robe (worn)
 r - a +0 cloak (worn)
Magical Staves
 e - a staff of earth
 m - a staff of air
 H - the staff of Vodka {rPois Stlth+ Alchemy}
   (You found it on level 6 of the Dungeon)

   [staff of alchemy]

   Base accuracy: +5 Base damage: 5 Base attack delay: 1.2 This weapon's minimum
   attack delay (0.6) is reached at skill level 12.
   rPois:     It protects you from poison Stlth+: It makes you more stealthy.
   Alchemy:   It increases the power of your Alchemy spells.
   It falls into the 'Staves' category.
   It is a one-clawed weapon.
Jewellery
 v - a +6 ring of intelligence (left claw)
 C - a +6 ring of intelligence (right claw)
 D - a ring of magical power
 G - a ring of magical power
Talismans
 l - a beast talisman
 y - a blade talisman
Wands
 u - a wand of flame (19)
 E - a wand of roots (4)
Scrolls
 d - 8 scrolls of identify {unknown}
 g - 2 scrolls of enchant weapon
 h - a scroll of torment {unknown}
 p - a scroll of butterflies {unknown}
 s - a scroll of fog {unknown}
 z - a scroll of blinking {unknown}
 A - 2 scrolls of vulnerability {unknown}
 I - a scroll of immolation {unknown}
Potions
 c - a potion of invisibility
 f - 3 potions of might
 i - a potion of curing
 k - 2 potions of haste {unknown}
 n - a potion of lignification {unknown}
 t - 2 potions of attraction {unknown}
 w - a potion of mutation {unknown}
 x - a potion of cancellation {unknown}
 B - a potion of brilliance {unknown}
 F - a potion of magic {unknown}


   Skills:
 - Level 0.7 Short Blades
 - Level 5.0 Dodging
 - Level 1.5 Stealth
 + Level 12.1 Unarmed Combat
 - Level 1.2 Spellcasting
 - Level 2.0 Hexes
 + Level 4.0 Invocations


You had 2 spell levels left.
You knew the following spells:

 Your Spells              Type           Power      Damage    Failure   Level
a - Confusing Touch       Hex            10%        N/A       19%         3
b - Ensorcelled Hibernat  Hex/Ice        12%        N/A       14%         2
c - Tukima's Dance        Hex            10%        N/A       19%         3

Your spell library contained the following spells:

 Spells                   Type           Power      Damage    Failure   Level
 Dazzling Flash           Conj/Hex       12%        N/A       28%         3
 Inner Flame              Hex/Fire       6%         N/A       28%         3
 Volatile Blastmotes      Fire/Tloc      2%         2d10      38%         3
 Flame Wave               Conj/Fire      1%         2d4       80%         4
 Fulminant Prism          Conj/Alch      0%         3d5       80%         4
 Iskenderun's Mystic Bla  Conj/Tloc      1%         2d3       80%         4
 Sticky Flame             Fire/Alch      1%         2d4       80%         4


Dungeon Overview and Level Annotations

Branches:
Dungeon (8/15)             Temple (1/1) D:6
   Lair: D:8-11

Altars:
Ashenzari
Cheibriados
Fedhas
Gozag
Hepliaklqana
Kikubaaqudgha
Makhleb
Nemelex Xobeh
Okawaru
Qazlal
Ru
Trog
Uskayaw
Vehumet
Wu Jian
Xom
Yredelemnul
Zin

Annotations:
D:7 1 exclusion


Innate Abilities, Weirdness & Mutations

You are too large for most types of armour.
You have claws for hands.
Your natural rate of healing is unusually fast.
You are covered in fur. (AC +1)
You have tough skin. (AC +1)


Message History

Tha orc warrior hits ye wit' a +0 mace.
Tha kobold brigand throws a poison'd dart.
Tha poison'd dart closely misses ye.
Tha kobold brigand throws a poison'd dart.
Tha poison'd dart hits ye!
Ye be poison'd.
Tha orc warrior barely misses ye.
Ye take 1 damage, an' haf 26/74 hp.
Ye thump tha orc warrior!
Tha orc warrior shudders.
Ye kill tha orc warrior!
Ye feel very sick.
Yer Invocations skill increases ta level 4!
Ye take 1 damage, an' haf 25/74 hp.
Ye feel sick.
Ye feel sick.
Tha orc completely misses ye.
Thar be an 'scape hatch in tha floor 'ere.
Ye feel sick.
Tha orc misses ye.
Ye slide downwards.
Tha hatch slams shut behind ye.
Reactivatin' autopickup.
Ye feel sick.
Found 7 gold pieces.
Tha helpless wyvern fails ta defend itself.
Ye sock tha wyvern!
Tha wyvern an' tha orc shudder.
Tha wyvern hisses angrily.
Tha wyvern be heavily wounded.
Ye kill tha orc!
Tha wyvern be heavily wounded.
Ye feel sick.
Tha komodo dragon hisses angrily.
Tha wyvern bites ye!
* * * LOW HITPOINT WARNIN'
* * * Tha wyvern bites ye!
* * * LOW HITPOINT WARNIN'
* * * Ye take 19 damage, an' haf 6/74 hp.
MASSIVE DAMAGE!!
Ye fade inta invisibility!
Ye feel sick.
Ye be nay longer poison'd.
Tha wyvern bites ye!
Ye die...
Yer body disappears without a glow.

# ## .
##.# .
.#...##..
#.#.... #
#..l.
##.#).#
#.$k@#
######


You could see a komodo dragon (unable to see you) and a wyvern (unable to see
you).

Vanquished Creatures
  Pikel (D:4)
  Grinder (D:6)
  Sigmund (D:6)
  Edmund (D:4)
  4 water moccasins
  Duvessa (D:5)
  A sky beast (D:7)
  2 orc warriors (D:7)
  A black bear (D:6)
  2 ogres
  2 centaurs (D:6)
  3 lemures (D:4)
  A phantom (D:5)
  Blork the orc (D:5)
  A bullfrog (D:7)
  2 scorpions
  Dowan (D:5)
  3 howler monkeys
  3 bombardier beetles
  5 hounds
  2 jellies
  Crazy Yiuf (D:2)
  2 orc priests (D:6)
  A gnoll bouda (D:7)
  Ijyb (D:4)
  3 sleepcaps
  5 iguanas
  Terence (D:2)
  Natasha (thrice) (D:3)
  6 orc wizards
  9 adders
  3 gnolls (D:5)
  2 white imps
  6 ufetubi
  3 ribbon worms
  23 orcs
  6 endoplasms
  6 giant cockroaches
  12 goblins
  5 hobgoblins
  3 jackals (D:2)
  10 kobolds
  2 quokkas
  5 ball pythons
  5 bats
  3 frilled lizards
  2 rats
167 creatures vanquished.

Notes
Turn   | Place    | Note
-------+----------+-------------------------------------------
     0 | D:1      | ProzacElf the Troll Enchanter began the quest for the Orb.
     0 | D:1      | Reached XP level 1. HP: 16/16 MP: 1/1
   194 | D:1      | Reached skill level 1 in Unarmed Combat
   277 | D:1      | Reached XP level 2. HP: 24/24 MP: 2/2
  1100 | D:2      | Reached XP level 3. HP: 27/31 MP: 3/3
  1132 | D:2      | Reached skill level 2 in Unarmed Combat
  1192 | D:2      | Found the +6 shillelagh "Devastator" {shatter}
  1205 | D:2      | Found a runed translucent door.
  1206 | D:2      | Noticed Crazy Yiuf
  1212 | D:2      | Killed Crazy Yiuf
  1213 | D:2      | Reached XP level 4. HP: 35/39 MP: 4/4
  1696 | D:3      | Noticed Terence
  1709 | D:2      | Killed Terence
  1710 | D:2      | Reached skill level 3 in Unarmed Combat
  1758 | D:3      | Reached XP level 5. HP: 45/45 MP: 5/5
  1796 | D:3      | Noticed Natasha
  1806 | D:3      | Killed Natasha
  1926 | D:3      | Noticed Natasha
  1941 | D:3      | Killed Natasha
  1967 | D:3      | Noticed Natasha
  1974 | D:3      | Killed Natasha
  2132 | D:3      | Reached skill level 4 in Unarmed Combat
  2234 | D:4      | Reached XP level 6. HP: 53/53 MP: 6/6
  2236 | D:4      | Found a bloodstained altar of Trog.
  2269 | D:4      | Noticed Ijyb
  2276 | D:4      | Killed Ijyb
  2374 | D:4      | Noticed Pikel
  2390 | D:4      | Killed Pikel
  2391 | D:4      | Reached skill level 5 in Dodging
  2391 | D:4      | Reached skill level 6 in Unarmed Combat
  2391 | D:4      | Reached XP level 7. HP: 22/59 MP: 7/7
  2461 | D:4      | Found an iron altar of Okawaru.
  2830 | D:4      | Noticed Edmund
  2841 | D:4      | Killed Edmund
  2842 | D:4      | Reached skill level 7 in Unarmed Combat
  2842 | D:4      | Reached XP level 8. HP: 58/67 MP: 8/8
  2899 | D:5      | Entered Level 5 of the Dungeon
  2920 | D:5      | Noticed Blork the orc
  2930 | D:5      | Killed Blork the orc
  2977 | D:5      | Noticed Duvessa
  2978 | D:5      | Noticed Dowan
  2982 | D:5      | Killed Duvessa
  2983 | D:5      | Reached skill level 8 in Unarmed Combat
  3004 | D:5      | Killed Dowan
  3335 | D:5      | Found a hazy altar of Hepliaklqana.
  3341 | D:5      | Found an ornate altar of the Wu Jian Council.
  3404 | D:5      | Learned a level 2 spell: Ensorcelled Hibernation
  3418 | D:5      | Reached skill level 9 in Unarmed Combat
  3422 | D:5      | Learned a level 3 spell: Confusing Touch
  3445 | D:5      | Identified the +1 leather armour of Submission {rPois
                  | Int+2}
  3535 | D:5      | Learned a level 3 spell: Tukima's Dance
  3588 | D:5      | Reached skill level 10 in Unarmed Combat
  3588 | D:5      | Reached XP level 9. HP: 58/74 MP: 9/9
  3866 | D:6      | Found an ancient bone altar of Kikubaaqudgha.
  3882 | D:6      | Noticed Grinder
  3888 | D:6      | Paralysed by Grinder for 2 turns
  3893 | D:6      | Killed Grinder
  3906 | D:6      | Reached skill level 11 in Unarmed Combat
  3937 | D:6      | Noticed Sigmund
  3940 | D:6      | Found a staircase to the Ecumenical Temple.
  3943 | D:6      | Killed Sigmund
  3950 | Temple   | Entered the Ecumenical Temple
  3966 | Temple   | Became a worshipper of Nemelex Xobeh the Trickster
  4064 | D:6      | Identified the staff of Vodka {rPois Stlth+ Alchemy}
  4124 | D:6      | Reached skill level 1 in Invocations
  4757 | D:7      | Noticed a kobold demonologist
  4759 | D:7      | Noticed a boulder beetle
  4759 | D:7      | Noticed a kobold demonologist
  4884 | D:7      | Reached skill level 12 in Unarmed Combat
  4896 | D:7      | Noticed a cyclops
  4924 | D:8      | Noticed a komodo dragon
  4926 | D:8      | Slain by a wyvern

Illustrated notes

Levels and vault maps discovered:
D:1:      spicycebolla_arrival_xxxplode, layout_loops_ring
D:2:      layout_basic, minmay_heptomino_d4, uniq_crazy_yiuf_cottage
D:3:      layout_rooms, hangedman_decor_slide_cut, uniq_natasha, uniq_terence
D:4:      minmay_diamond_boxcup, layout_basic, general_overflow_altar,
          mainiacjoe_overflow_catwalk, uniq_pikel, uniq_edmund, uniq_ijyb
D:5:      layout_cave_pools, amethyst_overflow_temple_binary,
          kennysheep_cross_bottleneck, corexii_shack, minmay_pentangle,
          uniq_blork_the_orc, uniq_duvessa
D:6:      layout_basic, mainiacjoe_overflow_boulevard,
          minmay_temple_entry_sparse_star, minivault_19, billiards_dpeg,
          uniq_sigmund, uniq_grinder
D:7:      minmay_the_grid_octo_tiled_octocenter [minmay_the_grid_octo_pinwheel,
          minmay_the_grid_octo_concentric, minmay_the_grid_octo_chip,
          minmay_the_grid_octo_toaster,
          minmay_the_grid_octo_prize_ultimate_mussel_roller,
          minmay_the_grid_square_5x5_n_small,
          minmay_the_grid_square_5x5_inner_z,
          minmay_the_grid_square_5x5_tetrominoes,
          minmay_the_grid_square_5x5_one_wall], layout_gridville, tso_altar,
          chequers_decorated_corner, uniq_jeremiah
D:8:      layout_rooms, mainiacjoe_overflow_tiny_flanked,
          grunt_temple_overflow_open, erik_lair_dragon,
          roderic_nine_men_s_morris, uniq_maggie, uniq_psyche
Temple:   compressed_dpeg_triangle_lava_temple

Skill      XL: |  1  2  3  4  5  6  7  8  9 |
---------------+----------------------------+-----
Unarmed Combat | 1 2 3 4 6 7 10 12 | 12.1
Dodging        | 2 3 5 |  5.0
Invocations    | 4 |  4.0
Short Blades   | |  0.7
Stealth        | |  1.5
Spellcasting   | |  1.2
Hexes          | |  2.0

Action                     |  1- 3 |  4- 6 |  7- 9 || total
---------------------------+-------+-------+-------++-------
  Melee: Unarmed           |    84 |       |       ||    84
         Shillelagh        |     2 |    80 |   188 ||   270
         Punch             |       |     1 |    16 ||    17
  Throw: Dart              |       |       |     5 ||     5
    Use: Scroll            |       |       |     3 ||     3
         Potion            |       |       |     3 ||     3
   Stab: Sleeping          |     2 |       |     4 ||     6
         Distracted        |     1 |       |       ||     1
 Armour: Robe              |    45 |    70 |   166 ||   281
  Dodge: Dodged            |    43 |    45 |   127 ||   215

Action                     |  1- 3 |  4- 6 |  7- 9 || total
---------------------------+-------+-------+-------++-------
  Melee: Unarmed           |    84 |       |       ||    84
         Shillelagh        |     2 |    80 |   188 ||   270
         Punch             |       |     1 |    16 ||    17
  Throw: Dart              |       |       |     5 ||     5
    Use: Scroll            |       |       |     3 ||     3
         Potion            |       |       |     3 ||     3
   Stab: Sleeping          |     2 |       |     4 ||     6
         Distracted        |     1 |       |       ||     1
 Armour: Robe              |    45 |    70 |   166 ||   281
  Dodge: Dodged            |    43 |    45 |   127 ||   215

Levels and vault maps discovered:
D:1:      spicycebolla_arrival_xxxplode, layout_loops_ring
D:2:      layout_basic, minmay_heptomino_d4, uniq_crazy_yiuf_cottage
D:3:      layout_rooms, hangedman_decor_slide_cut, uniq_natasha, uniq_terence
D:4:      minmay_diamond_boxcup, layout_basic, general_overflow_altar,
          mainiacjoe_overflow_catwalk, uniq_pikel, uniq_edmund, uniq_ijyb
D:5:      layout_cave_pools, amethyst_overflow_temple_binary,
          kennysheep_cross_bottleneck, corexii_shack, minmay_pentangle,
          uniq_blork_the_orc, uniq_duvessa
D:6:      layout_basic, mainiacjoe_overflow_boulevard,
          minmay_temple_entry_sparse_star, minivault_19, billiards_dpeg,
          uniq_sigmund, uniq_grinder
D:7:      minmay_the_grid_octo_tiled_octocenter [minmay_the_grid_octo_pinwheel,
          minmay_the_grid_octo_concentric, minmay_the_grid_octo_chip,
          minmay_the_grid_octo_toaster,
          minmay_the_grid_octo_prize_ultimate_mussel_roller,
          minmay_the_grid_square_5x5_n_small,
          minmay_the_grid_square_5x5_inner_z,
          minmay_the_grid_square_5x5_tetrominoes,
          minmay_the_grid_square_5x5_one_wall], layout_gridville, tso_altar,
          chequers_decorated_corner, uniq_jeremiah
D:8:      layout_rooms, mainiacjoe_overflow_tiny_flanked,
          grunt_temple_overflow_open, erik_lair_dragon,
          roderic_nine_men_s_morris, uniq_maggie, uniq_psyche
Temple:   compressed_dpeg_triangle_lava_temple
